 Dungeon Crawl Stone Soup version 0.24.1-8-ga250c9d538 (webtiles) character file.

Game seed: 14113860393714301229, levelgen mode: deterministic

197 Hugehornet the Stinger (level 5, -1/33 HPs)
             Began as an Octopode Transmuter on May 1, 2020.
             Slain by a gnoll
             ... wielding a +0 halberd
              (12 damage)
             ... on level 2 of the Dungeon.
             The game lasted 00:03:57 (2433 turns).

Hugehornet the Stinger (Octopode Transmuter)        Turns: 2433, Time: 00:03:57

Health: -1/33      AC:  2    Str:  9    XL:     5   Next: 75%
Magic:  6/8        EV: 20    Int: 16    God:
Gold:   82         SH:  0    Dex: 18    Spells: 2/8 levels left

rFire    . . .     SeeInvis .     - Unarmed
rCold    . . .     Gourm    .   (shield currently unavailable)
rNeg     . . .     Faith    .   (helmet currently unavailable)
rPois    x         Spirit   .   (no amulet)
rElec    .         Reflect  .   (no ring)
rCorr    .         Harm     .   (no ring)
MR       .....                  (no ring)
Stlth    ++........             (no ring)
HPRegen  0.11/turn              (no ring)
MPRegen  0.11/turn              (no ring)
                                (no ring)
                                (no ring)

@: spider-form
A: tiny, almost no armour, stealthy swim, (amphibious), 8 rings, (constrict 8)
a: End Transformation


You were on level 2 of the Dungeon.
You were not hungry.
You were a venomous arachnid creature.
You visited 1 branch of the dungeon, and saw 2 of its levels.

You collected 82 gold pieces.

Inventory:

Missiles
 a - 103 arrows
Jewellery
 i - an uncursed ring of flight {unknown}
Scrolls
 b - a scroll of remove curse {unknown}
 d - 6 scrolls of identify {unknown}
 e - 2 scrolls of enchant weapon {unknown}
 j - a scroll of blinking {unknown}
 k - a scroll of fog {unknown}
 l - a scroll of teleportation {unknown}
Potions
 f - a potion of heal wounds {unknown}
 g - 3 potions of curing {unknown}
 h - a potion of lignification {unknown}
Comestibles
 c - 3 rations


   Skills:
 - Level 1.0 Fighting
 - Level 2.0 Dodging
 * Level 3.1 Unarmed Combat
 - Level 2.0 Spellcasting
 - Level 3.3 Transmutations
 - Level 5.2 Poison Magic


You had 2 spell levels left.
You knew the following spells:

 Your Spells              Type           Power        Failure   Level  Hunger
a - Beastly Appendage     Tmut           ##....       16%         1    #......
b - Sticks to Snakes      Tmut           ##......     21%         2    ###....
c - Spider Form           Tmut/Pois      ###.......   26%         3    ###....

Your spell library contained the following spells:

 Spells                   Type           Power        Failure   Level  Hunger
 Ice Form                 Ice/Tmut       #.......     87%         4    #####..
 Blade Hands              Tmut           ##........   93%         5    ######.


Dungeon Overview and Level Annotations

Branches:
Dungeon (2/15)

Altars:


Innate Abilities, Weirdness & Mutations

You cannot wear most types of armour.
You are very stealthy in the water. (Stealth+)
((You are amphibious.))
You can wear up to eight rings at the same time.
((You can use your tentacles to constrict eight enemies at once.))
((Your skin changes colour to match your surroundings (Stealth+).))
((Your rubbery body absorbs attacks. (AC +1, EV +1)))


Message History

You hit the gnoll.
The gnoll is heavily wounded.
The gnoll misses you. The gnoll closely misses you.
You barely miss the gnoll.
The gnoll is severely wounded.
The gnoll barely misses you. x2
You hit the gnoll.
You kill the gnoll!
The gnoll hits you from afar with a +0 spear.
The gnoll closely misses you. The gnoll closely misses you.
Things that are here:
a +0 club; a gnoll corpse You hit the gnoll.
The gnoll is poisoned.
The gnoll is lightly wounded.
The gnoll hits you with a +0 spear! The gnoll hits you with a +0 halberd.
You hit the gnoll.
The gnoll looks as sick as possible!
The gnoll is heavily wounded.
The gnoll closely misses you. The gnoll hits you with a +0 halberd!
You die...

)...#....[#..#.#.# ########
....##.#.......#.#########.......
....##.##.#.#..#.........#.######
....##....#.#.##########.#.# #.
##.######.#.#........#...#.# #.
#.########.########.#.###.#####+
#†#........# #.#.# #.#.....
##.#.###############.#.# #.#.....
.....# ......gs..>..(# #.#.....
.....# ......g##..######'#.....
.....# !......##...............
.....# ..>....#.............[..
.....### ....####....|...........
##+#.#.. .... #............#####
#.#.#.# ... #.#...............
#.#.#.# .. #.#########.#.###.
#.#.#.#########.#########.#...#.


You could see 2 gnolls.

Vanquished Creatures
  Sigmund (D:2)
  A gnoll (D:2)
  An adder (D:2)
  A dart slug (D:1)
  2 worms (D:2)
  A leopard gecko (D:2)
  3 giant cockroaches (D:2)
  3 goblins
  3 hobgoblins (D:2)
  2 kobolds (D:1)
  A quokka (D:2)
  3 bats
  2 frilled lizards
  2 rats (D:2)
  A plant (D:1)
27 creatures vanquished.

Notes
Turn   | Place    | Note
-------+----------+-------------------------------------------
     0 | D:1      | Hugehornet the Octopode Transmuter began the quest for the
                  | Orb.
     0 | D:1      | Reached XP level 1. HP: 13/13 MP: 3/3
   455 | D:1      | Reached XP level 2. HP: 14/18 MP: 3/5
  1330 | D:2      | Reached XP level 3. HP: 8/23 MP: 4/6
  1550 | D:2      | Learned a level 2 spell: Sticks to Snakes
  1554 | D:2      | Learned a level 3 spell: Spider Form
  1806 | D:2      | Reached skill level 1 in Poison Magic
  1964 | D:2      | Noticed Sigmund
  1981 | D:2      | Killed Sigmund
  1981 | D:2      | Reached skill level 5 in Poison Magic
  1981 | D:2      | Reached XP level 4. HP: 21/28 MP: 4/7
  1981 | D:2      | Reached XP level 5. HP: 25/33 MP: 4/8
  2433 | D:2      | Slain by a gnoll

Levels and vault maps discovered:
D:1:      kilobyte_arrival_exit_the_forest, layout_basic
D:2:      minmay_door_path, layout_basic, first_ration, uniq_sigmund

Skill      XL: |  1  2  3 |
---------------+----------+-----
Transmutations | 3 |  3.3
Poison Magic   | 5 |  5.2
Fighting       | |  1.0
Dodging        | |  2.0
Unarmed Combat | |  3.1
Spellcasting   | |  2.0

Action                   |  1- 3 |  4- 6 || total
-------------------------+-------+-------++-------
Melee: Unarmed           |    85 |     9 ||    94
       Tentacles         |    13 |       ||    13
       Constrict         |    14 |       ||    14
       Kick              |    16 |       ||    16
       Punch             |     2 |       ||     2
 Cast: Beastly Appendage |    24 |     1 ||    25
       Spider Form       |     1 |     1 ||     2
 Stab: Sleeping          |     7 |     1 ||     8
  Eat: Chunk             |     4 |     1 ||     5
Armor: Skin              |     3 |       ||     3
Dodge: Dodged            |    28 |    13 ||    41
